Map: Ice and Chrome LE

Players

Idra - Winner!

  • Race: Zerg Zerg
  • League: Master
  • Spawn Location: 1:00

Jonathas

  • Race: Zerg Zerg
  • League: Diamond
  • Spawn Location: 7:00

VOD

Have the link to the VOD?

Description

Time

  • Played on: July 10, 2020, 2:32 p.m.
  • Length: 18:17
Show
View Real Time Build Order
Export as new Build Order

Idra Zerg - Winner!

Build Orders: Pool First, Lurkers 

Get SALT Encoding   

  12  0:01  Drone  
  13  0:09  Drone  
  14  0:19  Extractor x2, Drone  
  13  0:22  Drone  
  16  0:35  Spawning Pool  
  15  0:42  Overlord  
  15  1:05  Hatchery  
  15  1:08  Drone  
  15  1:14  Drone  
  15  1:16  Drone  
  17  1:22  Zergling x2  
  18  1:29  Queen  
  20  1:35  Overlord  
  20  1:47  Drone  
  21  1:54  Drone  
  22  2:02  Drone  
  22  2:04  Queen  
  25  2:17  Queen  
  25  2:21  Drone x2  
  29  2:24  Drone  
  29  2:28  Drone  
  31  2:34  Drone  
  32  2:43  Drone x4  
  35  2:51  Queen, Spine Crawler  
  36  2:52  Extractor  
  36  2:54  Overlord  
  36  2:55  Extractor  
  34  3:05  Drone x2  
  36  3:08  Overlord  
  36  3:14  Evolution Chamber  
  36  3:15  Evolution Chamber  
  36  3:18  Evolution Chamber  
  33  3:23  Drone x3  
  36  3:32  Drone x6  
  42  3:41  Overlord  
  42  3:46  Zergling x2  
  43  3:52  Drone  
  43  3:54  Overlord  
  44  4:14  Lair  
  44  4:15  Zerg Melee Weapons Level 1  
  44  4:19  Drone x2  
  44  4:20  Drone x4  
  44  4:23  Extractor x2  
  48  4:28  Drone  
  49  4:32  Metabolic Boost  
  49  4:34  Drone x4  
  53  4:44  Overlord  
  53  4:45  Drone x3  
  55  4:52  Drone  
  57  5:05  Zergling x10  
  62  5:14  Spire  
  62  5:15  Zergling x8, Hydralisk Den  
  64  5:28  Overseer, Spine Crawler  
  63  5:29  Spine Crawler  
  63  5:31  Zergling x2  
  63  5:32  Zergling x10  
  67  5:42  Overlord  
  67  5:43  Overlord x3  
  67  5:48  Drone, Lurker Den  
  67  6:17  Hydralisk x2  
  67  6:18  Hydralisk, Spine Crawler  
  71  6:20  Overlord, Spine Crawler x2  
  71  6:21  Zergling x2  
  71  6:22  Zergling x8  
  65  7:04  Mutalisk x2  
  65  7:07  Lurker x3  
  72  7:10  Overlord x2  
  72  7:19  Drone x2  
  72  7:20  Drone x3, Hydralisk x2, Hatchery  
  80  7:24  Zerg Melee Weapons Level 2  
  80  7:25  Infestation Pit  
  79  7:44  Drone  
  79  7:45  Drone x4  
  79  7:46  Lurker x2  
  86  7:51  Zerg Missile Weapons Level 1  
  86  7:55  Evolution Chamber  
  85  8:01  Hive  
  85  8:04  Drone x2  
  85  8:05  Drone x3  
  89  8:19  Drone  
  89  8:20  Drone x8  
  97  8:34  Overlord x2  
  97  8:39  Hydralisk  
  97  8:40  Hydralisk x2  
  103  8:49  Spore Crawler x2  
  103  8:51  Overlord x2  
  103  8:54  Spore Crawler  
  99  9:20  Extractor  
  99  9:21  Extractor  
  99  9:23  Seismic Spines, Lurker  
  99  9:24  Drone, Lurker x2  
  100  9:25  Drone x4  
  100  9:26  Drone x2  
  100  9:27  Drone x5  
  112  9:40  Drone x3, Spore Crawler  
  112  9:42  Spore Crawler  
  113  9:49  Drone x2, Hatchery, Spore Crawler  
  113  9:50  Spore Crawler  
  113  9:51  Spine Crawler  
  111  9:57  Zerg Melee Weapons Level 3, Spore Crawler  
  111  9:58  Adrenal Glands  
  110  10:02  Pneumatized Carapace  
  110  10:03  Burrow  
  110  10:11  Viper x3  
  119  10:15  Drone x9  
  128  10:25  Spore Crawler  
  128  10:26  Extractor, Spore Crawler  
  128  10:27  Spore Crawler  
  128  10:28  Spore Crawler  
  123  10:30  Extractor, Spore Crawler x2  
  123  10:32  Spore Crawler  
  123  10:33  Spore Crawler x2  
  123  10:35  Spore Crawler  
  116  10:36  Drone  
  116  10:37  Drone x5  
  116  10:38  Spore Crawler  
  116  10:40  Spore Crawler  
  116  10:41  Spore Crawler  
  119  10:59  Zergling x2  
  119  11:00  Zergling x20  
  130  11:10  Hatchery  
  129  11:14  Drone x2  
  131  11:19  Spore Crawler x2  
  131  11:20  Drone  
  131  11:21  Drone x7  
  131  11:22  Spore Crawler  
  133  11:34  Spore Crawler  
  133  11:36  Spore Crawler x2  
  133  11:37  Spore Crawler x2  
  128  11:41  Spore Crawler x2  
  128  11:42  Spore Crawler  
  125  11:49  Drone x8  
  125  11:50  Drone  
  134  11:54  Drone  
  134  11:55  Drone x3  
  134  11:59  Drone  
  139  12:14  Spore Crawler  
  138  12:24  Drone  
  138  12:25  Overlord  
  138  12:26  Overlord x3  
  138  12:28  Zerg Ground Armor Level 1  
  139  12:34  Zerg Missile Weapons Level 2  
  132  12:38  Spore Crawler x2  
  132  12:40  Viper x3  
  136  12:55  Adaptive Talons  
  136  12:57  Grooved Spines  
  136  13:03  Zergling x28  
  136  13:04  Zergling x18  
  159  13:16  Drone x2  
  159  13:17  Drone x4  
  165  13:20  Spore Crawler  
  165  13:23  Spore Crawler  
  163  13:28  Hydralisk  
  163  13:29  Hydralisk x2  
  169  13:37  Hydralisk x2, Spore Crawler  
  169  13:38  Hydralisk  
  169  13:40  Hatchery  
  173  14:01  Pathogen Glands  
  173  14:08  Muscular Augments  
  173  14:13  Lurker  
  173  14:14  Lurker x2, Hydralisk x3  
  173  14:16  Overlord x4  
  182  14:22  Zerg Ground Armor Level 2  
  182  14:28  Hydralisk x2  
  177  14:45  Hatchery  
  177  14:46  Drone  
  177  14:47  Drone x3  
  181  14:52  Lurker  
  181  14:53  Lurker, Hydralisk  
  181  14:54  Hydralisk  
  181  14:55  Lurker x2  
  181  14:56  Lurker  
  181  14:58  Neural Parasite  
  189  15:09  Spore Crawler  
  189  15:11  Extractor  
  189  15:12  Extractor  
  187  15:14  Drone x6  
  187  15:15  Drone x7  
  187  15:19  Lurker  
  200  15:23  Lurker, Spore Crawler x2  
  200  15:27  Spine Crawler, Spore Crawler  
  197  15:29  Spore Crawler  
  197  15:32  Spore Crawler  
  197  15:33  Spore Crawler  
  193  15:40  Spore Crawler  
  193  15:41  Spore Crawler  
  189  15:53  Overseer  
  189  15:57  Zergling x20  
  190  16:00  Zergling x4  
  199  16:15  Spine Crawler  
  198  16:20  Spine Crawler x2  
  198  16:21  Spine Crawler  
  198  16:23  Spine Crawler  
  183  16:44  Viper x4  
  161  17:08  Spore Crawler x2  
  161  17:09  Spore Crawler  
  156  17:37  Infestor x5  
  156  17:38  Infestor  
  156  17:41  Hydralisk x7  
Show
View Real Time Build Order
Export as new Build Order

Jonathas Zerg 

Build Orders: Pool First 

Get SALT Encoding   

  12  0:04  Drone  
  13  0:12  Overlord  
  13  0:16  Drone  
  14  0:31  Drone x2  
  16  0:42  Spawning Pool  
  15  0:44  Drone  
  17  0:50  Drone  
  17  0:54  Extractor  
  16  0:58  Drone  
  17  1:18  Drone  
  18  1:19  Hatchery  
  18  1:22  Drone  
  18  1:33  Queen  
  18  1:38  Drone  
  21  1:44  Overlord  
  21  1:55  Drone  
  21  1:57  Metabolic Boost  
  22  2:05  Drone  
  23  2:11  Queen  
  23  2:13  Zergling x2  
  26  2:19  Spine Crawler  
  25  2:24  Zergling x2  
  26  2:33  Zergling x2  
  28  2:37  Overlord  
  28  2:44  Queen  
  28  2:50  Drone, Overlord  
  28  2:51  Drone  
  32  2:53  Drone  
  33  3:01  Drone x2  
  35  3:12  Drone x2  
  37  3:21  Drone x2  
  37  3:22  Roach Warren  
  37  3:26  Drone  
  39  3:27  Drone  
  39  3:29  Evolution Chamber  
  39  3:33  Drone  
  41  3:34  Drone  
  40  3:42  Drone x2  
  40  3:43  Evolution Chamber  
  41  3:56  Drone, Zerg Missile Weapons Level 1  
  41  3:57  Drone  
  41  3:59  Extractor  
  41  4:00  Lair  
  41  4:02  Drone  
  43  4:04  Overlord  
  43  4:05  Extractor  
  43  4:09  Zerg Ground Armor Level 1  
  42  4:13  Overlord  
  42  4:15  Drone  
  43  4:21  Overlord  
  43  4:23  Drone  
  44  4:27  Drone x2  
  44  4:28  Drone x2  
  44  4:29  Drone  
  49  4:39  Roach x4  
  49  4:43  Overlord  
  57  4:46  Overlord  
  57  4:52  Overlord  
  57  4:53  Overlord  
  57  4:59  Glial Reconstitution  
  57  5:01  Overlord  
  57  5:02  Overlord  
  57  5:06  Drone  
  58  5:09  Extractor  
  58  5:11  Drone  
  58  5:14  Drone x3  
  59  5:20  Nydus Network  
  60  5:26  Drone x3  
  63  5:30  Roach  
  63  5:31  Roach x2  
  69  5:36  Roach x2  
  73  5:43  Roach x3  
  79  5:50  Roach x2  
  83  5:57  Nydus Canal  
  83  5:58  Roach x3  
  83  6:01  Overlord  
  89  6:08  Overlord  
  89  6:09  Zerg Missile Weapons Level 2  
  89  6:12  Roach  
  89  6:17  Roach  
  89  6:18  Spine Crawler  
  91  6:19  Roach  
  91  6:24  Roach x2  
  97  6:26  Roach  
  97  6:29  Overseer  
  99  6:34  Roach x2  
  99  6:38  Roach x2  
  105  6:46  Roach  
  100  6:47  Overlord x2  
  100  6:54  Roach Warren  
  100  7:04  Roach Warren  
  99  7:09  Overlord, Hydralisk Den  
  99  7:15  Hatchery  
  97  7:16  Zerg Ground Armor Level 2  
  97  7:37  Overlord x2  
  97  7:39  Hydralisk x5  
  97  7:44  Pneumatized Carapace  
  107  7:51  Overlord  
  107  7:52  Overlord  
  107  7:55  Overlord  
  107  8:00  Drone  
  107  8:01  Drone  
  109  8:14  Drone  
  109  8:15  Drone x4, Spire  
  113  8:24  Hatchery  
  112  8:37  Overseer  
  112  8:51  Drone x4  
  112  8:52  Drone x8  
  124  8:59  Queen  
  116  9:18  Extractor  
  116  9:19  Drone x3, Extractor  
  116  9:20  Drone  
  116  9:21  Drone x2  
  118  9:35  Overlord  
  118  9:42  Zerg Flyer Weapons Level 1  
  118  9:46  Mutalisk, Spore Crawler  
  118  9:47  Mutalisk x9  
  137  10:11  Muscular Augments  
  137  10:12  Hatchery  
  137  10:13  Hatchery  
  135  10:20  Roach  
  135  10:21  Roach x2  
  141  10:24  Mutalisk  
  141  10:25  Mutalisk x3  
  149  10:34  Drone  
  149  10:35  Drone x10  
  160  10:37  Extractor  
  160  10:40  Extractor  
  160  10:41  Drone x2  
  160  10:42  Infestation Pit  
  157  10:56  Mutalisk  
  157  10:57  Mutalisk x3  
  159  11:00  Drone  
  159  11:01  Drone x6  
  172  11:10  Drone  
  172  11:11  Drone x4  
  177  11:14  Spine Crawler  
  176  11:18  Overseer  
  176  11:26  Grooved Spines  
  176  11:29  Drone x2  
  176  11:34  Mutalisk  
  176  11:35  Mutalisk x4  
  176  11:37  Drone x2  
  176  11:38  Drone x4  
  176  11:39  Extractor  
  191  11:41  Extractor  
  176  12:05  Hive  
  176  12:06  Zerg Flyer Weapons Level 2  
  176  12:09  Spire, Zerg Melee Weapons Level 1  
  176  12:14  Spine Crawler  
  174  12:16  Spore Crawler, Spine Crawler  
  174  12:22  Spine Crawler  
  171  12:28  Drone x3, Spine Crawler x2  
  171  12:29  Spine Crawler  
  171  12:30  Spine Crawler  
  142  13:15  Corruptor x4  
  142  13:16  Corruptor x3  
  142  13:19  Ultralisk Cavern  
  155  13:21  Greater Spire  
  155  13:23  Zerg Ground Armor Level 3  
  155  13:24  Adrenal Glands  
  149  13:27  Corruptor x2  
  149  13:28  Corruptor x3  
  149  13:29  Overlord x3  
  149  13:30  Overlord x2  
  159  13:36  Drone  
  159  13:37  Drone x4  
  159  13:39  Overlord  
  159  13:40  Overlord  
  164  13:45  Hatchery x2  
  162  13:55  Corruptor x4  
  164  13:56  Corruptor x2  
  174  14:03  Zerg Melee Weapons Level 2  
  174  14:06  Corruptor  
  176  14:14  Drone x2  
  176  14:15  Spore Crawler  
  176  14:16  Spine Crawler  
  176  14:22  Zerg Flyer Armor Level 1  
  176  14:24  Overseer  
  176  14:26  Corruptor  
  176  14:29  Chitinous Plating  
  164  14:43  Ultralisk x3  
  168  14:45  Ultralisk  
  168  14:46  Drone  
  168  14:47  Drone x8  
  168  14:51  Spine Crawler  
  168  14:52  Spore Crawler  
  175  14:56  Spine Crawler  
  174  15:00  Brood Lord  
  174  15:01  Brood Lord x2  
  180  15:11  Spine Crawler  
  179  15:18  Spore Crawler, Spine Crawler  
  179  15:19  Spine Crawler  
  179  15:20  Spine Crawler  
  175  15:23  Spore Crawler  
  175  15:25  Brood Lord x2  
  175  15:26  Brood Lord x2  
  182  15:28  Overseer  
  182  15:37  Roach Warren  
  182  15:42  Extractor  
  180  15:44  Extractor  
  180  15:46  Ultralisk  
  180  15:48  Drone x3  
  188  15:54  Overseer  
  188  15:56  Overlord x3  
  188  16:01  Brood Lord  
  188  16:02  Brood Lord  
  192  16:09  Drone  
  192  16:10  Drone  
  194  16:15  Spine Crawler  
  194  16:16  Brood Lord  
  194  16:17  Brood Lord  
  197  16:20  Overlord x3  
  197  16:31  Spine Crawler  
  197  16:32  Spine Crawler  
  194  16:33  Spine Crawler  
  194  16:34  Lair  
  194  16:39  Spine Crawler  
  165  16:47  Corruptor x2  
  165  16:48  Zergling x8  
  165  16:49  Zergling x8  
  166  16:55  Spawning Pool  
  131  17:14  Spawning Pool  
  106  17:40  Drone x7  
  106  17:41  Drone  
  106  17:43  Drone x2  
  116  17:44  Drone x2, Spire  
  116  17:45  Drone x6  
  123  17:51  Drone x3  
  123  17:52  Drone  
  124  17:58  Spine Crawler  
Tags
 
Composition
Lurkers
Matchup
ZvZ
Race
Zerg
Spawn Locations
Cross Positions
Add a new tag
Caveats
  • Supply blocks, unpowered buildings, or Contaminate may cause inaccurate times.
  • Supply counts are checked every 10 seconds.